 Dungeon Crawl Stone Soup version 0.31-a0-1066-g35875b34c7 (webtiles) character file.

Game seed: 5170350753600020171

51275 Chipwarrior the Stormcaller (level 14, -5/66 HPs)
             Began as a Tengu Air Elementalist on Nov 20, 2023.
             Was a High Priest of Hepliaklqana.
             Slain by a dream sheep (27 damage)
             ... on level 5 of the Lair of Beasts on Nov 22, 2023.
             The game lasted 01:44:44 (24066 turns).

Chipwarrior the Stormcaller (TeAE)                 Turns: 24066, Time: 01:44:44

Health: -5/66      AC: 13    Str: 10    XL:     14   Next: 58%
Magic:  0/33       EV:  2    Int: 23    God:    Hepliaklqana [*****.]
Gold:   1404       SH:  0    Dex: 21    Spells: 24/41 levels left

rFire   + + .        E - +3 short sword "Grim Tooth" {flame, *Noise rF++ rC+ Stlth+}
rCold   + + .        (no shield)
rNeg    + . .        S - +2 leather armour of Honesty {rC+ rN+ Will+ Stlth+}
rPois   .            b - +4 hat "Aheaduguej" {Regen+ Int+4 SInv}
rElec   .            j - +2 cloak
rCorr   .            d - +0 pair of gloves
SInv    +            (boots unavailable)
Will    ++...        e - amulet of guardian spirit
Stlth   +++++        k - +6 ring of dexterity
HPRegen 1.11/turn    q - +5 ring of evasion
MPRegen 0.23/turn

%: acrobat, guardian spirit
@: sleeping, flying, studying 2 skills
A: reduced essence, beak, talons 3, evasive flight, acrobatic
a: Renounce Religion, Recall Ancestor, Ancestor Identity, Transference, Idealise


You were on level 5 of the Lair of Beasts.
You worshipped Hepliaklqana.
Hepliaklqana was extremely pleased with you.
You visited 3 branches of the dungeon, and saw 17 of its levels.

You collected 1404 gold pieces.

Inventory:

Hand Weapons
 c - a +8 flail of protection
 E - the +3 short sword "Grim Tooth" (weapon) {flame, *Noise rF++ rC+ Stlth+}
   (You found it on level 10 of the Dungeon)

   rF++:      It greatly protects you from fire.
   rC+:       It protects you from cold.
   *Noise:    It may make a loud noise when swung.
   Stlth+:    It makes you more stealthy.
Missiles
 B - 2 throwing nets
Armour
 b - the +4 hat "Aheaduguej" (worn) {Regen+ Int+4 SInv}
   (You acquired it on level 7 of the Dungeon)

   Int+4:     It affects your intelligence (+4).
   SInv:      It lets you see invisible.
   Regen+:    It increases your rate of health regeneration.
 d - a +0 pair of gloves (worn)
 j - a +2 cloak (worn)
 x - a +2 robe of cold resistance
 S - the +2 leather armour of Honesty (worn) {rC+ rN+ Will+ Stlth+}
   (You found it on level 3 of the Lair of Beasts)

   rC+:       It protects you from cold.
   rN+:       It protects you from negative energy.
   Will+:     It increases your willpower.
   Stlth+:    It makes you more stealthy.
Magical Staves
 h - a staff of fire
 F - a staff of death
Jewellery
 a - a ring of ice
 e - an amulet of guardian spirit (around neck)
 k - a +6 ring of dexterity (left hand)
 q - a +5 ring of evasion (right hand)
 t - an amulet of magic regeneration
 I - a ring of poison resistance
Wands
 l - a wand of charming (14)
 o - a wand of flame (26)
 r - a wand of acid (6)
 y - a wand of iceblast (33)
 J - a wand of polymorph (6)
 P - a wand of mindburst (15)
Scrolls
 g - 7 scrolls of teleportation
 m - a scroll of silence
 A - a scroll of vulnerability
 G - 4 scrolls of fog
 H - a scroll of torment
 K - a scroll of poison
 L - a scroll of noise
 M - 5 scrolls of revelation
 O - a scroll of identify
 Q - 2 scrolls of enchant armour
 T - a scroll of blinking
 U - a scroll of fear
Potions
 f - 2 potions of attraction
 i - 3 potions of might
 n - 5 potions of heal wounds
 p - a potion of cancellation
 s - 4 potions of curing
 u - a potion of mutation
 v - 3 potions of brilliance
 w - 2 potions of enlightenment
 z - 3 potions of magic
 C - 5 potions of lignification
 D - a potion of haste
 N - a potion of resistance
 R - a potion of ambrosia


   Skills:
 + Level 3.6 Fighting
 + Level 0.6 Short Blades
 + Level 7.4(7.6) Maces & Flails
 + Level 2.0(5.1) Staves
 + Level 1.7 Armour
 + Level 5.5 Dodging
 + Level 5.0 Stealth
 + Level 14.4 Spellcasting
 + Level 9.1 Conjurations
 + Level 1.6 Summonings
 + Level 20.0 Air Magic


You had 24 spell levels left.
You knew the following spells:

 Your Spells              Type           Power      Damage    Failure   Level
a - Shock                 Conj/Air       100%       1d9       0%          1
b - Static Discharge      Conj/Air       100%       3-8/arc   1%          2
c - Airstrike             Air            41%        2d(6-22)  0%          4
d - Swiftness             Air            83%        N/A       0%          3
e - Summon Cactus Giant   Summ           11%        N/A       98%         6
f - Summon Small Mammal   Summ           92%        N/A       2%          1

Your spell library contained the following spells:

 Spells                   Type           Power      Damage    Failure   Level
 Dazzling Flash           Conj/Hex       74%        N/A       2%          3
 Hailstorm                Conj/Ice       37%        3d9       2%          3
 Silence                  Hex/Air        29%        N/A       2%          5
 Apportation              Tloc           32%        N/A       4%          1
 Necrotise                Necr           64%        1d7       4%          1
 Jinxbite                 Hex            32%        N/A       7%          2
 Summon Ice Beast         Ice/Summ       20%        N/A       34%         4
 Summon Forest            Summ/Tloc      10%        N/A       67%         5
 Summon Mana Viper        Hex/Summ       20%        N/A       67%         5
 Agony                    Necr           16%        N/A       78%         5
 Alistair's Intoxication  Tmut/Pois      10%        N/A       78%         5
 Simulacrum               Ice/Necr       8%         N/A       100%        6
 Malign Gateway           Summ/Tloc      10%        N/A       100%        7
 Summon Horrible Things   Summ           11%        N/A       100%        8


Dungeon Overview and Level Annotations

Branches:
Dungeon (11/15)            Temple (1/1) D:7            Lair (5/5) D:11
  Swamp (0/4) Lair:3        Snake (0/4) Lair:2        Slime (0/5) Lair:4
    Orc (0/2) D:10

Altars:
Ashenzari
Cheibriados
Dithmenos
Elyvilon
Fedhas
Gozag
Hepliaklqana
Kikubaaqudgha
Makhleb
Nemelex Xobeh
Okawaru
Qazlal
Ru
Sif Muna
Trog
Uskayaw
Vehumet
Wu Jian
Xom
Yredelemnul
Zin
The Shining One

Shops:
D:1 (   D:8 (

Annotations:
D:6 1 runed translucent door, nj0rd12's ghost, novice GnFE


Innate Abilities, Weirdness & Mutations

Your life essence is reduced to manifest your ancestor. (-10% HP)
You have a beak for a mouth.
You have claws for feet.
Your magical flight helps you evade attacks. (EV +4)
You can magically evade attacks while moving or waiting.


Message History

Shrike hits the dream sheep with a +0 dagger of draining.
You feel sick. The dream sheep barely misses you.
The dream sheep closely misses Shrike.
Shrike hits the dream sheep with a +0 dagger of draining!
Shrike drains the dream sheep.
The dream sheep dies!
Shrike hits the dream sheep with a +0 dagger of draining.
Your Conjurations skill increases to level 9!
You feel sick. The dream sheep bites you!!
You wake up.
* * * LOW HITPOINT WARNING * * *
Shrike hits the dream sheep with a +0 dagger of draining.
Shrike hits the dream sheep with a +0 dagger of draining!
You hit the dream sheep but do no damage.
You claw the dream sheep.
You kill the dream sheep!
You feel sick.
You feel sick.
The dream sheep bites Shrike!
Shrike hits the dream sheep with a +0 dagger of draining.
Shrike drains the dream sheep.
Shrike hits the dream sheep with a +0 dagger of draining!
You feel sick.
You are no longer poisoned.
The dream sheep bites Shrike.
Shrike points at the dream sheep and mumbles some strange words.
The dream sheep resists with some effort.
A rime drake comes into view.
The dream sheep bites Shrike but does no damage.
Shrike casts a spell at the dream sheep.
The dream sheep resists with some effort.
The dream sheep shake their wool and sparkle.
You feel drowsy...
You fall asleep.
The dream sheep barely misses Shrike.
Shrike hits the dream sheep with a +0 dagger of draining!
The dream sheep dies!
Shrike closely misses the rime drake.
Shrike hits the rime drake with a +0 dagger of draining!
Shrike drains the rime drake.
Shrike hits the rime drake with a +0 dagger of draining.
The dream sheep bites you!!
You die...

# ###############
.##..##.##P#..###
................##
.................#
.................#
................##
.................#
###P.#..........@#
# ####......†...Y#
##........Y.#
#..........##
##..........#
........R††.#
#.).......###
..........
......†..


You could see the friendly Shrike the hexer and 2 dream sheep.

Vanquished Creatures
  Fannar (D:10)
  A hydra (Lair:3)
  2 two-headed ogres (D:10)
  Nergalle (D:11)
  4 skysharks
  A bog body (Lair:3)
  A wolf spider zombie (D:7)
  3 ugly things (D:10)
  An oklob plant (Lair:2)
  A manticore (D:11)
  Maurice (D:11)
  A torpor snail (Lair:5)
  8 black mambas
  An orange demon (Lair:2)
  An eye of devastation (shapeshifter) (D:10)
  15 cane toads
  Maggie (Lair:2)
  10 komodo dragons
  3 centaur skeletons (D:7)
  A redback zombie (D:7)
  A kobold demonologist (D:11)
  5 rime drakes (Lair:4)
  2 polar bears
  2 trolls
  A hellwing (D:7)
  Grinder (D:4)
  2 dream sheep
  16 blink frogs
  Sigmund (D:4)
  A spriggan (shapeshifter) (D:10)
  A shadow (D:11)
  33 yaks
  5 wyverns
  2 basilisks
  The ghost of Nico3ck the Chopper, an amateur FoFi (D:3)
  Menkaure (D:4)
  9 vampire mosquitoes
  2 steam dragons
  A swamp worm (Lair:3)
  Edmund (D:4)
  8 water moccasins
  Duvessa (D:7)
  An ice beast (D:7)
  3 orc warriors
  2 sky beasts
  5 black bears
  4 ogres
  9 wolves (Lair:3)
  4 centaurs
  2 phantoms
  5 gnoll sergeants
  2 kobold brigands
  19 bullfrogs
  2 scorpions
  9 wights
  Dowan (D:7)
  3 electric eels
  2 howler monkeys
  4 quasits (D:3)
  5 hounds
  3 jellies (Lair:2)
  Crazy Yiuf (D:6)
  4 orc priests
  2 gnoll boudas
  A sleepcap (D:6)
  2 iguanas
  3 orc wizards
  3 hell rats
  25 gnolls
  4 adders
  10 river rats (Lair:1)
  5 shadow imps (D:7)
  A white imp (D:7)
  2 worms
  4 dart slugs
  33 orcs
  7 ball pythons
  18 endoplasms
  A giant cockroach (D:2)
  5 goblins
  6 hobgoblins
  6 jackals
  5 quokkas
  6 bats
  4 frilled lizards
  16 kobolds
  6 rats
420 creatures vanquished.

Vanquished Creatures (collateral kills)
  Rupert (Lair:3)
  A boulder beetle (Lair:3)
  Amaemon (Lair:2)
  A bog body (Lair:3)
  An ugly thing (D:10)
  A cyclops (D:11)
  An elephant (D:11)
  4 cane toads
  A cane toad (shapeshifter) (D:10)
  A kobold demonologist (D:10)
  A rime drake (Lair:4)
  5 blink frogs
  9 dream sheep
  6 yaks
  A vampire mosquito (D:10)
  A water moccasin (Lair:3)
  A centaur (D:10)
  4 kobold brigands
  A scorpion (D:11)
  2 wights (D:9)
  A howler monkey (D:10)
  5 jellies (Lair:2)
  A gnoll bouda (D:10)
  A hound (D:8)
  4 gnolls (D:10)
  4 endoplasms (Lair:2)
  A goblin (D:9)
  A kobold (D:9)
62 creatures vanquished.

Vanquished Creatures (others)
  An ancestor (D:9)
  6 hexers
7 creatures vanquished.

Grand Total: 489 creatures vanquished

Notes
Turn   | Place    | Note
-------+----------+-------------------------------------------
     0 | D:1      | Chipwarrior the Tengu Air Elementalist began the quest for
                  | the Orb.
     0 | D:1      | Reached XP level 1. HP: 10/10 MP: 4/4
   193 | D:1      | Reached XP level 2. HP: 15/15 MP: 0/6
   196 | D:1      | Learned a level 2 spell: Static Discharge
   609 | D:1      | Found Hiodghal's Antique Weapon Emporium.
   905 | D:1      | Reached XP level 3. HP: 19/19 MP: 3/7
  1457 | D:2      | Reached skill level 5 in Air Magic
  2062 | D:3      | Found a glowing golden altar of the Shining One.
  2256 | D:3      | Reached XP level 4. HP: 24/24 MP: 6/9
  2751 | D:3      | Reached skill level 1 in Staves
  2816 | D:3      | Found a transporter.
  2870 | D:3      | Noticed Nico3ck's ghost (amateur FoFi)
  2888 | D:3      | Found a transporter.
  3041 | D:3      | Reached XP level 5. HP: 28/28 MP: 7/10
  3378 | D:4      | Learned a level 4 spell: Airstrike
  3404 | D:4      | Noticed Menkaure
  3415 | D:4      | Killed Menkaure
  3416 | D:4      | Reached skill level 6 in Air Magic
  3416 | D:4      | Reached XP level 6. HP: 14/32 MP: 1/12
  3511 | D:4      | Noticed Grinder
  3522 | D:4      | Killed Grinder
  3523 | D:4      | Gained mutation: Your magical flight helps you evade
                  | attacks. (EV +4) [Tengu growth]
  3523 | D:4      | Reached XP level 7. HP: 36/36 MP: 1/14
  3937 | D:4      | Found a stormy altar of Qazlal.
  3938 | D:4      | Noticed Edmund
  3941 | D:4      | Killed Edmund
  3942 | D:4      | Reached skill level 7 in Air Magic
  3975 | D:4      | Reached skill level 1 in Maces & Flails
  3975 | D:4      | Reached skill level 5 in Conjurations
  4137 | D:4      | Noticed Sigmund
  4140 | D:4      | Killed Sigmund
  4141 | D:4      | Reached skill level 5 in Spellcasting
  4141 | D:4      | Reached XP level 8. HP: 40/42 MP: 6/16
  4705 | D:4      | Learned a level 3 spell: Swiftness
  4770 | D:3      | Reached skill level 8 in Air Magic
  4774 | D:3      | Killed Nico3ck's ghost
  4970 | D:5      | Entered Level 5 of the Dungeon
  5226 | D:5      | Reached skill level 1 in Fighting
  5891 | D:5      | Reached skill level 9 in Air Magic
  5891 | D:5      | Reached XP level 9. HP: 47/47 MP: 6/19
  6295 | D:6      | Found a glowing silver altar of Zin.
  6354 | D:6      | Noticed a komodo dragon
  7020 | D:6      | Reached skill level 10 in Air Magic
  7187 | D:6      | Found an ornate altar of the Wu Jian Council.
  7253 | D:6      | Found a runed translucent door.
  7254 | D:6      | Noticed Crazy Yiuf
  7412 | D:6      | Found a runed translucent door.
  7488 | D:6      | Noticed nj0rd12's ghost (novice GnFE)
  7488 | D:6      | Found the +3 pair of gauntlets of War {Slay+5}
  7679 | D:6      | Killed Crazy Yiuf
  7818 | D:7      | Noticed Duvessa
  7818 | D:7      | Noticed Dowan
  7821 | D:7      | Killed Duvessa
  7822 | D:7      | Killed Dowan
  7847 | D:7      | Noticed a hellwing
  7973 | D:7      | Reached skill level 11 in Air Magic
  7973 | D:7      | Reached XP level 10. HP: 24/52 MP: 9/22
  8835 | D:7      | Found an opulent altar of Gozag.
  9129 | D:7      | Reached skill level 12 in Air Magic
  9159 | D:7      | Identified a scroll of acquirement
  9159 | D:7      | Acquired the +4 hat "Aheaduguej" {Regen+ Int+4 SInv}
  9230 | D:7      | Found a staircase to the Ecumenical Temple.
  9250 | Temple   | Entered the Ecumenical Temple
  9267 | Temple   | Became a worshipper of Hepliaklqana the Forgotten
  9904 | D:8      | Reached * piety under Hepliaklqana
 10121 | D:8      | Found Lacaschiy's Antique Weapon Shoppe.
 10815 | D:8      | Identified the +9 scimitar "Kosis" {speed, Str+3}
 11221 | D:9      | Found a bloodstained altar of Trog.
 11283 | D:9      | Reached XP level 11. HP: 45/51 MP: 1/25
 11302 | D:9      | Reached skill level 13 in Air Magic
 11695 | D:9      | Reached skill level 5 in Maces & Flails
 11892 | D:9      | Reached skill level 10 in Spellcasting
 12736 | D:9      | Found an iron altar of Okawaru.
 12853 | D:10     | Entered Level 10 of the Dungeon
 12853 | D:10     | Noticed Fannar
 12853 | D:10     | Reached ** piety under Hepliaklqana
 12854 | D:10     | Remembered your ancestor Shrike as a hexer
 12858 | D:10     | Killed Fannar
 13118 | D:10     | Reached skill level 14 in Air Magic
 13202 | D:10     | Noticed a two-headed ogre
 13205 | D:10     | Killed a two-headed ogre
 13337 | D:10     | Noticed a two-headed ogre
 13343 | D:10     | Killed a two-headed ogre
 13385 | D:10     | Noticed a red ugly thing
 13399 | D:10     | Killed a red ugly thing
 13406 | D:10     | Reached XP level 12. HP: 51/57 MP: 11/27
 13746 | D:10     | Found a staircase to the Orcish Mines.
 14306 | D:10     | Reached skill level 15 in Air Magic
 14313 | D:10     | Identified the +3 short sword "Grim Tooth" {flame, *Noise
                  | rF++ rC+ Stlth+}
 14345 | D:10     | Learned a level 6 spell: Summon Cactus Giant
 14911 | D:11     | Noticed Nergalle
 14915 | D:11     | Killed Nergalle
 15676 | D:11     | Found a staircase to the Lair.
 15694 | D:11     | Reached *** piety under Hepliaklqana
 15743 | D:11     | Reached skill level 16 in Air Magic
 15834 | D:11     | Noticed Maurice
 15838 | D:11     | Killed Maurice
 16168 | Lair:1   | Entered Level 1 of the Lair of Beasts
 16664 | Lair:1   | Reached XP level 13. HP: 61/61 MP: 13/30
 16912 | Lair:1   | Reached skill level 17 in Air Magic
 17510 | Lair:1   | Reached **** piety under Hepliaklqana
 17529 | Lair:2   | Noticed Maggie
 17533 | Lair:2   | Killed Maggie
 17673 | Lair:2   | Reached skill level 5 in Dodging
 17914 | Lair:2   | Noticed Amaemon
 17927 | Lair:2   | Killed Amaemon
 18224 | Lair:2   | Found a staircase to the Snake Pit.
 19126 | Lair:2   | Upgraded the game from 0.31-a0-1042-ga9834b393d to
                  | 0.31-a0-1066-g35875b34c7
 19285 | Lair:3   | Reached skill level 18 in Air Magic
 20427 | Lair:3   | Identified the +2 leather armour of Honesty {rC+ rN+ Will+
                  | Stlth+}
 20727 | Lair:3   | Found a staircase to the Swamp.
 20788 | Lair:3   | Reached skill level 19 in Air Magic
 20853 | Lair:3   | Learned a level 1 spell: Summon Small Mammal
 21510 | Lair:3   | Reached skill level 1 in Summonings
 21510 | Lair:3   | Reached XP level 14. HP: 66/66 MP: 23/32
 21681 | Lair:3   | Noticed Rupert
 21728 | Lair:3   | Paralysed by Rupert for 4 turns
 21743 | Lair:3   | Killed Rupert
 21744 | Lair:3   | Reached skill level 5 in Stealth
 22569 | Lair:4   | Reached ***** piety under Hepliaklqana
 22726 | Lair:4   | Reached skill level 1 in Armour
 23117 | Lair:4   | Found a staircase to the Slime Pits.
 23537 | Lair:5   | Entered Level 5 of the Lair of Beasts
 23973 | Lair:5   | Reached skill level 20 in Air Magic
 24066 | Lair:5   | Slain by a dream sheep

Illustrated notes

Levels and vault maps discovered:
D:1:      beargit_arrival_diablo_church, layout_basic, serial_shops,
          nicolae_shop_tiny_waterfront
D:2:      layout_basic
D:3:      layout_loops_ring, lemuel_round_altar, gammafunk_ghost_stat_death
D:4:      nicolae_cairo_tiling, layout_basic, grunt_qazlal_sundering,
          cheibrodos_sewer_entry_bend, uniq_menkaure, uniq_edmund, uniq_grinder,
          uniq_sigmund
D:5:      layout_basic
D:6:      nicolae_cairo_tiling_large_dashed, layout_gridville,
          mainiacjoe_overflow_six_doors_small, mainiacjoe_overflow_24_doors,
          gammafunk_ghost_grave, lightli_corner_chamber, uniq_crazy_yiuf_cottage
D:7:      cheibrodos_grave_circle, layout_basic, lemuel_round_altar,
          minmay_temple_entry_glass, kennysheep_generic_room_7, uniq_duvessa
D:8:      layout_cave_pools, serial_gnoll_camp, gnoll_camp_huts_basic,
          gnoll_camp_mini_house, gnoll_camp_mini_house, gnoll_camp_mini_shop
D:9:      layout_stronghold, nicolae_overflow_crystal_walls,
          kennysheep_okawaru_gauntlet, hangedman_decor_diamond_cutter,
          amcnicky_mini_rare_corridor_liquid
D:10:     regret_index_malice_mire, layout_basic, orc_0_dummy, uniq_fannar
D:11:     layout_cave_pools, grunt_lair_entry_orc_guard_hut, grunt_decor_cap,
          serial_bayou_pond_b, uniq_nergalle, uniq_maurice
Temple:   nicolae_temple_no_exploring_needed
Lair:1:   layout_regular_city, minivault_19, kennysheep_rathole,
          serial_bayou_shore_a
Lair:2:   lemuel_slime, layout_regular_city, dummy_snake_entry, st_stairs_4,
          lemuel_fruit_tree, uniq_amaemon, uniq_maggie
Lair:3:   nzn_winding_woodlands_cross [nzn_winding_woodlands_5x15_sidewinder,
          nzn_winding_woodlands_5x15_longhouse,
          nzn_winding_woodlands_5x15_garden, nzn_winding_woodlands_5x15_default,
          nzn_winding_woodlands_15x15_boxy_spiral], layout_chaotic_city,
          nicolae_swamp_entry_splash_gauntlet, uniq_rupert
Lair:4:   layout_gridlike, slime_entry_1, minmay_lair_drake_nest
Lair:5:   gammafunk_lair_ancient_temple, layout_big_grid, serial_bayou_shore_b

Skill      XL: |  1  2  3  4  5  6  7  8  9 10 11 12 13 14 |
---------------+-------------------------------------------+-----
Air Magic      | 5 6 7 9 11 12 14 16 19 20 | 20.0
Conjurations   | 2 3 4 5 6 7 8 9 |  9.1
Spellcasting   | 3 4 5 6 7 9 10 12 13 14 | 14.4
Staves         | 1 2 |  2.0
Maces & Flails | 1 2 3 4 6 7 |  7.4
Fighting       | 1 2 3 |  3.6
Dodging        | 3 4 5 |  5.5
Stealth        | 3 4 5 |  5.0
Summonings     | 1 |  1.6
Armour         | 1 |  1.7
Short Blades   | |  0.6

Action                     |  1- 3 |  4- 6 |  7- 9 | 10-12 | 13-15 || total
---------------------------+-------+-------+-------+-------+-------++-------
  Melee: Unarmed           |     4 |       |       |       |       ||     4
         Kick              |     3 |     5 |     5 |    42 |    40 ||    95
         Staff             |     4 |    15 |       |       |       ||    19
         Peck              |     1 |       |     5 |    29 |    26 ||    61
         Flail             |       |     3 |    27 |   110 |    83 ||   223
         Punch             |       |       |       |       |     2 ||     2
         Short sword       |       |       |       |       |    21 ||    21
   Cast: Shock             |    77 |    69 |    53 |    85 |    34 ||   318
         Static Discharge  |     2 |       |    32 |    37 |    43 ||   114
         Airstrike         |       |     1 |    46 |   201 |   215 ||   463
         Summon Small Mamm |       |       |       |       |    12 ||    12
 Invoke: Ancestor Identity |       |       |       |     2 |       ||     2
         Ancestor Life: He |       |       |       |     1 |       ||     1
    Use: Scroll            |     3 |     8 |     6 |    12 |     3 ||    32
         Potion            |       |       |     3 |     1 |       ||     4
   Stab: Distracted        |       |       |       |     2 |     4 ||     6
         Confused          |       |       |       |     1 |     3 ||     4
         Sleeping          |       |       |       |     1 |     1 ||     2
 Armour: Robe              |    10 |     8 |    85 |    75 |    29 ||   207
         Leather armour    |       |       |       |       |    55 ||    55
  Dodge: Dodged            |    28 |    21 |    90 |   202 |   196 ||   537

Table legend: (Time is in decaauts)
 A = Elapsed time spent in this place.
 B = Non-inter-level travel time spent in this place.
 C = Inter-level travel time spent in this place.
 D = Time resting spent in this place.
 E = Time spent auto-exploring this place.
 F = Levels seen in this place.
 G = Mean time per level.
                   A        B        C        D        E       F      G
               +--------+--------+--------+--------+--------+-----+--------+
         Total |  24104 |  23429 |    675 |    825 |  19363 |  17 | 1417.9 |
       Dungeon |  16150 |  15635 |    515 |    825 |  12565 |  11 | 1468.2 |
        Temple |     24 |     18 |      6 |      0 |      0 |   1 |   24.0 |
          Lair |   7929 |   7775 |    154 |      0 |   6798 |   5 | 1585.8 |
               +--------+--------+--------+--------+--------+-----+--------+

Top non-repeatable levels by time:
  Lair:3: 3005 daAuts
    D:10: 1994 daAuts
     D:6: 1821 daAuts
     D:9: 1810 daAuts
  Lair:2: 1637 daAuts
     D:8: 1554 daAuts
     D:3: 1546 daAuts
  Lair:4: 1383 daAuts
     D:4: 1370 daAuts
     D:7: 1366 daAuts
  Lair:1: 1362 daAuts
    D:11: 1324 daAuts
     D:5: 1317 daAuts
     D:1: 1225 daAuts
     D:2: 818 daAuts
